 Dungeon Crawl Stone Soup version 0.29-a0-613-gf2c431b9b9 (webtiles) character file.

Game seed: 8317808309311312305

23335 xian the Spear-Bearer (level 12, -5/97 HPs)
             Began as a Demonspawn Fighter on June 16, 2022.
             Was a High Priest of Wu Jian.
             Slain by Donald
             ... wielding a +3 vorpal scimitar
              (29 damage)
             ... on level 1 of the Shoals.
             The game lasted 00:45:59 (12790 turns).

xian the Spear-Bearer (Demonspawn Fighter)         Turns: 12790, Time: 00:46:00

Health: -5/97      AC: 29    Str: 22    XL:     12   Next: 70%
Magic:  12/12      EV:  8    Int: 11    God:    Wu Jian [*****.]
Gold:   774        SH:  0    Dex: 17    Spells: 11/11 levels left

rFire   . . .      SeeInvis +   m - +8 trident of the Forsaken Ziggurats {vorpal, Str+2 Int+2 Dex+2 SInv}
rCold   . . .      Faith    .   K - orb {mayhem}
rNeg    . . .      Spirit   .   j - +1 plate armour
rPois   .          Reflect  .   v - +2 hat
rElec   .          Harm     .   (no cloak)
rCorr   .          Rampage  .   b - +0 pair of gloves
Will    .....                   (no boots)
Stlth   ..........              B - amulet of regeneration
HPRegen 1.06/turn               C - +4 ring of protection
MPRegen 0.26/turn               z - +4 ring of protection

@: mighty, invisible
A: antennae 2, yellow scales 1, powered by death 1, magic regeneration
a: Renounce Religion, Wall Jump, Serpent's Lash, Heavenly Storm


You were on level 1 of the Shoals.
You worshipped Wu Jian.
Wu Jian was extremely pleased with you.
You visited 4 branches of the dungeon, and saw 15 of its levels.
You also visited: Ossuary.

You collected 774 gold pieces.

Inventory:

Hand Weapons
 m - the +8 trident of the Forsaken Ziggurats (weapon) {vorpal, Str+2 Int+2 Dex+2 SInv}
   (You found it on level 3 of the Dungeon)

   It inflicts extra damage upon your enemies.
   Str:       It affects your strength (+2).
   Int:       It affects your intelligence (+2).
   Dex:       It affects your dexterity (+2).
   SInv:      It lets you see invisible.
 x - the +5 quarterstaff "Worm's Wrath" {spect, Int+5}
   (You found it on level 7 of the Dungeon)

   When its wielder attacks, the weapon's spirit leaps out and strikes again.
   The spirit shares a part of any damage it takes with its wielder.
   Int:       It affects your intelligence (+5).
 L - the +6 mace of an ossuary {drain, rC+ rCorr Str+4 Dex-4}
   (You found it on level 1 of the Lair of Beasts)

   A truly terrible weapon, it drains the life of any living foe it strikes.
   Str:       It affects your strength (+4).
   Dex:       It affects your dexterity (-4).
   rC:        It protects you from cold.
   rCorr:     It protects you from acid and corrosion.
Missiles
 A - 2 throwing nets (quivered)
 I - 3 poisoned darts
Armour
 a - an orb of light
 b - a +0 pair of gloves (worn)
 c - a +3 buckler
 j - a +1 plate armour (worn)
 v - a +2 hat (worn)
 K - an orb of mayhem (worn)
Jewellery
 r - a +6 ring of intelligence
 z - a +4 ring of protection (right hand)
 B - an amulet of regeneration (around neck)
 C - a +4 ring of protection (left hand)
Wands
 q - a wand of iceblast (17)
 t - a wand of charming (13)
 w - a wand of polymorph (3)
Scrolls
 g - a scroll of amnesia
 h - 7 scrolls of teleportation
 l - 2 scrolls of enchant weapon
 o - a scroll of fear
 s - 6 scrolls of identify
 y - 3 scrolls of immolation
 D - 2 scrolls of blinking
 F - 2 scrolls of enchant armour
 J - 2 scrolls of poison
Potions
 d - a potion of might
 e - 2 potions of lignification
 f - 7 potions of heal wounds
 i - 3 potions of magic
 k - a potion of invisibility
 n - 6 potions of flight
 p - 4 potions of curing
 u - 5 potions of haste
 E - a potion of berserk rage
 G - a potion of ambrosia
 H - a potion of resistance


   Skills:
 + Level 9.6 Fighting
 + Level 3.7 Long Blades
 + Level 12.9 Polearms
 + Level 10.2 Armour
 + Level 3.6 Dodging
 + Level 2.7 Stealth
 + Level 6.0 Shields


You had 11 spell levels left.
You didn't know any spells.
Your spell library contained the following spells:

 Spells                   Type           Power      Damage    Failure   Level
 Apportation              Tloc           0%         N/A       99%         1
 Freeze                   Ice            0%         1d3       99%         1
 Magic Dart               Conj           0%         1d3       99%         1
 Necrotize                Necr           0%         1d4       99%         1
 Summon Small Mammal      Summ           0%         N/A       99%         1
 Searing Ray              Conj           0%         2d4       100%        2
 Static Discharge         Conj/Air       0%         N/A       100%        2
 Dazzling Flash           Conj/Hex       0%         N/A       100%        3
 Frozen Ramparts          Ice            0%         1d2       100%        3
 Vampiric Draining        Necr           0%         2d6       100%        3
 Dispel Undead            Necr           0%         3d6       100%        4
 Fulminant Prism          Conj/Hex       0%         3d6       100%        4
 Hailstorm                Conj/Ice       0%         3d3       100%        4
 Iskenderun's Mystic Bla  Conj/Tloc      0%         2d3       100%        4
 Sticky Flame             Conj/Fire      0%         2d3       100%        4
 Agony                    Necr           0%         N/A       100%        5
 Starburst                Conj/Fire      0%         6d3       100%        6
 Malign Gateway           Summ/Tloc      0%         N/A       100%        7
 Summon Horrible Things   Summ           0%         N/A       100%        8


Dungeon Overview and Level Annotations

Branches:
Dungeon (11/15)            Temple (1/1) D:6            Lair (2/6) D:11
 Shoals (1/4) Lair:2          Orc (0/2) D:11        Ossuary (visited)
  Snake: Lair:2-4    Spider: Lair:2-4

Altars:
Ashenzari
Cheibriados
Elyvilon
Fedhas
Gozag
Hepliaklqana
Kikubaaqudgha
Nemelex Xobeh
Qazlal
Uskayaw
Vehumet
Wu Jian
Xom
Yredelemnul
The Shining One

Shops:
D:8 [

Annotations:
Shoals:1 Donald


Innate Abilities, Weirdness & Mutations

You have a pair of antennae on your head.
You are partially covered in yellow scales. (AC +2)
You regenerate a little health from kills.
You regenerate magic rapidly.


Message History

You see here 21 gold pieces.
You now have 774 gold pieces (gained 21).
The faun splashes around in the water.
Donald says, "Where'd the sea come from?
I thought this place was underground."
The faun hits the plant with a +0 quarterstaff!
The merfolk impaler hits the plant with a +0 trident.
The merfolk hits the plant with a +0 trident!
A nearby plant withers and dies.
The merfolk impaler hits the plant with a +0 trident!
Donald hits you with a +3 vorpal scimitar!
The merfolk hits the plant with a +0 trident!
The merfolk hits the plant with a +0 trident!!
The faun hits the plant with a +0 spear!
You feel very mighty all of a sudden.
A nearby plant withers and dies. x2; Donald hits you but does no damage.
The merfolk hits you from afar with a +0 trident.
The faun splashes around in the water.
Donald hits you with a +3 vorpal scimitar!!!
You hear a bleat!
You hit Donald.
Donald is lightly wounded.
The merfolk hits the plant with a +0 trident!!
The plant begins to die.
The merfolk hits the plant with a +0 trident!
The plant begins to die.
The merfolk hits you but does no damage.
Donald blocks your attack.
Donald is lightly wounded.
Donald says, "Don't you get tired of all these old geezers telling you what to do?"
Donald hits you with a +3 vorpal scimitar!
* * * LOW HITPOINT WARNING * * *
x2 The faun hits the plant with a +0 quarterstaff!!
The faun hits the plant with a +1 vorpal quarterstaff!
The plant begins to die.
Okay, then.
Okay, then.
You fade into invisibility!
Donald says, "Maybe I'll visit Hell next."
Donald hits you with a +3 vorpal scimitar!!
You die...

.....≈≈≈≈≈≈≈≈≈
^.≈≈≈≈≈≈≈≈≈≈≈≈≈≈≈≈≈≈..≈≈..m
..≈≈≈≈≈≈≈≈P≈≈≈≈≈≈≈≈≈≈≈≈≈≈..
.......≈≈≈PP≈≈≈≈≈≈≈≈≈≈≈≈≈#
.........≈≈P.P≈≈≈≈≈≈c≈≈≈.#
......≈...P≈P≈≈≈≈PmPPc....
.≈..#......≈≈≈≈≈≈P≈Pm.Y..
...###..≈..≈≈≈≈.≈PcPm# ..##
#.......≈≈.@@mm.#
..####...###........P#
..##.....##..≈≈≈..####
.................##
.............##...#
≈.......###.######.#
≈.......# #.# ... .....≈..#
### #... ......... ..≈


You could see Donald (fast, strong, can't see you), a merfolk impaler (can't see
you), 4 merfolk, 3 fauns and a dream sheep (can't see you).

Vanquished Creatures
  Josephine (D:10)
  2 boulder beetles
  2 hydras
  A sea snake (Shoals:1)
  3 harpies (Shoals:1)
  An oklob plant (Lair:1)
  2 manticores (D:11)
  A cyclops (D:11)
  A merfolk siren (Lair:2)
  2 black mambas
  4 cane toads
  2 unseen horrors (D:11)
  A rime drake (Lair:1)
  2 komodo dragons
  A polar bear (Lair:1)
  4 trolls
  A merfolk (Lair:2)
  2 shadows (D:11)
  3 wraiths (D:10)
  A water elemental (Shoals:1)
  5 basilisks (Lair:1)
  2 wyverns
  29 yaks
  3 wargs (D:11)
  2 water moccasins
  3 black bears
  5 orc warriors
  4 ice beasts
  An ogre (D:6)
  4 centaurs
  2 phantoms
  A kobold brigand (D:6)
  4 bullfrogs
  An elf zombie (Ossuary)
  4 scorpions
  13 wights
  3 howler monkeys (D:8)
  5 human zombies (Ossuary)
  9 orc priests
  5 jellies
  A centaur zombie (Ossuary)
  2 hounds (D:6)
  3 gnoll shamans
  5 iguanas
  10 orc wizards
  Natasha (twice) (D:4)
  2 mummies (Ossuary)
  12 gnolls
  7 adders
  3 white imps
  2 ufetubi
  2 worms (D:2)
  A dart slug (D:1)
  31 orcs
  17 endoplasms
  3 giant cockroaches
  7 goblins
  3 hobgoblins
  14 kobolds
  2 quokkas
  10 ball pythons
  5 bats
  4 frilled lizards
  9 hobgoblin zombies (Ossuary)
  3 jackal zombies (Ossuary)
  10 kobold zombies (Ossuary)
  6 orc zombies (Ossuary)
  3 rats
  2 rat zombies (Ossuary)
323 creatures vanquished.

Vanquished Creatures (collateral kills)
  A merfolk siren (Lair:2)
  A merfolk (Lair:2)
  5 yaks
  3 endoplasms (Lair:1)
10 creatures vanquished.

Vanquished Creatures (others)
  A yak (Lair:1)
  3 jellies (Lair:1)
  An orc wizard (D:11)
  6 fungi
  7 plants
18 creatures vanquished.

Grand Total: 351 creatures vanquished

Notes
Turn   | Place    | Note
-------+----------+-------------------------------------------
     0 | D:1      | xian the Demonspawn Fighter began the quest for the Orb.
     0 | D:1      | Reached XP level 1. HP: 18/18 MP: 1/1
   600 | D:1      | Gained mutation: You are partially covered in yellow
                  | scales. (AC +2) [demonic ancestry]
   600 | D:1      | Reached XP level 2. HP: 20/24 MP: 2/2
   925 | D:1      | You fall into a shaft and drop 1 floor!
  1466 | D:2      | Found a faded altar of an unknown god.
  1478 | D:2      | Reached XP level 3. HP: 29/29 MP: 3/3
  2232 | D:3      | Identified the +8 trident of the Forsaken Ziggurats
                  | {vorpal, Str+2 Int+2 Dex+2 SInv}
  2445 | D:3      | Gained mutation: You have a pair of small antennae on your
                  | head. [demonic ancestry]
  2445 | D:3      | Reached XP level 4. HP: 29/35 MP: 4/4
  2661 | D:4      | Noticed a scorpion
  2665 | D:4      | Killed a scorpion
  2666 | D:4      | Reached skill level 1 in Dodging
  2669 | D:4      | Noticed a phantom
  2685 | D:4      | Killed a phantom
  2686 | D:4      | Reached skill level 1 in Polearms
  2686 | D:4      | Gained mutation: You have a pair of antennae on your head.
                  | [demonic ancestry]
  2686 | D:4      | Reached XP level 5. HP: 32/42 MP: 5/5
  2985 | D:4      | Reached XP level 6. HP: 31/48 MP: 2/6
  2987 | D:4      | Reached skill level 2 in Polearms
  3501 | D:4      | Noticed Natasha
  3502 | D:4      | Killed Natasha
  3503 | D:4      | Reached skill level 3 in Polearms
  3616 | D:4      | Reached XP level 7. HP: 16/47 MP: 2/7
  3890 | D:4      | Noticed Natasha
  3897 | D:4      | Killed Natasha
  4103 | D:5      | Entered Level 5 of the Dungeon
  4566 | D:5      | Reached skill level 4 in Polearms
  4566 | D:5      | Reached skill level 1 in Stealth
  5008 | D:6      | Found an ancient bone altar of Kikubaaqudgha.
  5421 | D:6      | Gained mutation: You regenerate magic rapidly. [demonic
                  | ancestry]
  5421 | D:6      | Reached XP level 8. HP: 61/61 MP: 8/8
  5790 | D:6      | Reached skill level 5 in Fighting
  5790 | D:6      | Reached skill level 5 in Polearms
  5790 | D:6      | Reached skill level 5 in Armour
  6194 | D:6      | Found a staircase to the Ecumenical Temple.
  6489 | Temple   | Entered the Ecumenical Temple
  6510 | Temple   | Became a worshipper of the Wu Jian Council
  6711 | D:7      | Reached skill level 6 in Polearms
  6770 | D:7      | Identified the +5 quarterstaff "Worm's Wrath" {spect,
                  | Int+5}
  6904 | D:7      | Reached XP level 9. HP: 52/69 MP: 6/9
  7174 | D:7      | Reached * piety under Wu Jian
  7241 | D:7      | Found a sand-covered staircase.
  7250 | Ossuary  | Entered an ossuary
  7441 | Ossuary  | Reached ** piety under Wu Jian
  7464 | Ossuary  | Reached skill level 7 in Polearms
  8149 | D:8      | Reached skill level 8 in Polearms
  8156 | D:8      | Noticed a troll
  8398 | D:8      | Killed a troll
  8400 | D:8      | Reached XP level 10. HP: 44/77 MP: 10/10
  8404 | D:8      | Noticed a boulder beetle
  8420 | D:8      | Killed a boulder beetle
  8543 | D:8      | Reached *** piety under Wu Jian
  8573 | D:8      | Found a hazy altar of Hepliaklqana.
  8654 | D:8      | Reached skill level 9 in Polearms
  8695 | D:8      | Found Wiefopp's Armour Emporium.
  8908 | D:8      | Found a stormy altar of Qazlal.
  9727 | D:10     | Entered Level 10 of the Dungeon
  9743 | D:10     | Found a blossoming altar of Fedhas.
  9768 | D:10     | Reached skill level 5 in Shields
  9812 | D:10     | Found a broken altar of Ashenzari.
  9826 | D:10     | Noticed Josephine
  9882 | D:10     | Killed Josephine
  9883 | D:10     | Reached skill level 10 in Polearms
  9883 | D:10     | Gained mutation: You regenerate a little health from kills.
                  | [demonic ancestry]
  9883 | D:10     | Reached XP level 11. HP: 38/83 MP: 11/11
  9894 | D:10     | Reached **** piety under Wu Jian
  9927 | D:10     | Found a hide-covered altar of Uskayaw.
 10399 | D:11     | Found a staircase to the Lair.
 10575 | D:11     | Noticed a boulder beetle
 10625 | D:11     | Killed a boulder beetle
 11003 | D:11     | Found a staircase to the Orcish Mines.
 11127 | D:11     | Reached skill level 11 in Polearms
 11206 | Lair:1   | Entered Level 1 of the Lair of Beasts
 11260 | Lair:1   | Noticed a five-headed hydra
 11270 | Lair:1   | Killed a five-headed hydra
 11460 | Lair:1   | Identified the +6 mace of an ossuary {drain, rC+ rCorr
                  | Str+4 Dex-4}
 11497 | Lair:1   | Reached XP level 12. HP: 94/94 MP: 12/12
 11503 | Lair:1   | Reached ***** piety under Wu Jian
 11700 | Lair:1   | Reached skill level 12 in Polearms
 12342 | Lair:2   | Noticed a six-headed hydra
 12350 | Lair:2   | Killed a six-headed hydra
 12452 | Lair:2   | Found a staircase to the Shoals.
 12460 | Lair:2   | Reached skill level 10 in Armour
 12476 | Shoals:1 | Entered Level 1 of the Shoals
 12778 | Shoals:1 | Noticed Donald
 12779 | Shoals:1 | Noticed a merfolk impaler
 12790 | Shoals:1 | Slain by Donald

Illustrated notes

Levels and vault maps discovered:
D:1:      dpeg_arrival_arbitrary_a, layout_basic, minivault_19, st_stairs_10,
          chequers_serial_rivers_large_a, roderic_roman_lattice,
          corexii_corridor_pit
D:2:      layout_loops_ring, ebering_ecumenical_altar_box, dk_noncrumbling_4
D:3:      layout_basic
D:4:      layout_basic, mainiacjoe_overflow_paths, nicolae_elevator_lobby_plus,
          uniq_natasha
D:5:      layout_loops_corners
D:6:      kennysheep_six_static_rooms, layout_basic,
          mainiacjoe_overflow_six_doors_small, temple_hall, minmay_liquid_box,
          corner_web_ring, minmay_stone_trees_medium
D:7:      layout_loops_ring, chequers_ossuary_entry_cave
D:8:      layout_basic, mainiacjoe_overflow_tiny_flanked,
          worldfamousw_hep_ancestral_shrine, serial_shops,
          nicolae_lakefront_shop, wad_mini_maze
D:9:      layout_loops_ring
D:10:     layout_rooms, mainiacjoe_overflow_cross_hatched,
          mainiacjoe_overflow_alcove_1, ashenzari_altar_1,
          mainiacjoe_overflow_catwalk, kennysheep_generic_room_16,
          uniq_josephine
D:11:     layout_roguey, erik_lair_orcish_takeover, orc_0_dummy
Temple:   nicolae_temple_great_sept
Lair:1:   lemuel_slime, layout_chaotic_city, chequers_serial_rivers_micro_e,
          st_stairs_4
Lair:2:   layout_concentric_octagons, elwin_shoals_entry_stream
Shoals:1: layout_shoals, uniq_donald

Skill      XL: |  1  2  3  4  5  6  7  8  9 10 11 12 |
---------------+-------------------------------------+-----
Long Blades    | 2 3 |  3.7
Armour         | 3 4 5 6 7 9 10 | 10.2
Dodging        | 1 2 3 |  3.6
Polearms       | 1 3 4 6 8 10 11 12 | 12.9
Fighting       | 4 5 6 7 8 9 |  9.6
Shields        | 3 4 5 6 |  6.0
Stealth        | 1 2 |  2.7

Action                   |  1- 3 |  4- 6 |  7- 9 | 10-12 || total
-------------------------+-------+-------+-------+-------++-------
Melee: Long sword        |    96 |       |       |       ||    96
       Trident           |    12 |    67 |   352 |   589 ||  1020
Invok: Lunge             |       |       |    15 |    35 ||    50
       Whirlwind         |       |       |     8 |    28 ||    36
  Use: Scroll            |     7 |     3 |    12 |    10 ||    32
       Potion            |       |     1 |     1 |     6 ||     8
 Stab: Distracted        |       |       |       |     3 ||     3
Armor: Scale mail        |    65 |    13 |   109 |     4 ||   191
       Plate armour      |       |       |       |   254 ||   254
Dodge: Dodged            |    61 |    34 |   129 |   122 ||   346
Block: Buckler           |    26 |    14 |    61 |   119 ||   220

Table legend: (Time is in decaauts)
 A = Elapsed time spent in this place.
 B = Non-inter-level travel time spent in this place.
 C = Inter-level travel time spent in this place.
 D = Time resting spent in this place.
 E = Time spent auto-exploring this place.
 F = Levels seen in this place.
 G = Mean time per level.
                   A        B        C        D        E       F      G
               +--------+--------+--------+--------+--------+-----+--------+
         Total |  12788 |  12391 |    397 |    685 |   7982 |  16 |  799.2 |
       Dungeon |  10815 |  10454 |    361 |    495 |   7144 |  11 |  983.2 |
        Temple |     34 |     34 |      0 |      0 |     10 |   1 |   34.0 |
          Lair |   1223 |   1187 |     36 |      3 |    701 |   2 |  611.5 |
        Shoals |    309 |    309 |      0 |    121 |    113 |   1 |  309.0 |
       Ossuary |    406 |    406 |      0 |     66 |     13 |   1 |  406.0 |
               +--------+--------+--------+--------+--------+-----+--------+

Top non-repeatable levels by time:
     D:6: 1620 daAuts
     D:4: 1467 daAuts
     D:1: 1337 daAuts
     D:8: 970 daAuts
  Lair:1: 921 daAuts
     D:7: 902 daAuts
     D:5: 888 daAuts
     D:2: 850 daAuts
    D:11: 830 daAuts
     D:9: 790 daAuts
    D:10: 640 daAuts
     D:3: 516 daAuts
 Ossuary: 406 daAuts
Shoals:1: 309 daAuts
  Lair:2: 301 daAuts
